Map: Lightshade LE

Players

MarcoMan - Winner!

  • Race: Protoss Protoss
  • League: Master
  • Spawn Location: 5:00

LxAnki

  • Race: Protoss Protoss
  • League: Master
  • Spawn Location: 11:00

VOD

Have the link to the VOD?

Description

Time

  • Played on: Jan. 17, 2021, 10:26 p.m.
  • Length: 11:13
Show
View Real Time Build Order
Export as new Build Order

MarcoMan Protoss - Winner!

Build Orders: Oracle Opening 

Get SALT Encoding   

  12  0:00  Probe  
  13  0:13  Probe  
  14  0:23  Pylon  
  14  0:25  Probe  
  15  0:41  Probe  
  16  0:44  Gateway  
  16  0:49  Assimilator  
  16  0:53  Probe  
  17  1:02  Assimilator  
  17  1:05  Probe  
  18  1:17  Probe  
  19  1:19  Gateway  
  19  1:29  Probe  
  19  1:31  Cybernetics Core  
  20  1:42  Probe  
  21  1:48  Pylon  
  21  1:54  Probe  
  22  2:05  Adept x2 (Chrono Boost)  
  26  2:10  Probe  
  27  2:17  Warp Gate  
  27  2:26  Pylon  
  27  2:45  Stargate  
  27  2:49  Stalker x2  
  29  3:30  Oracle (Chrono Boost)  
  30  3:57  Oracle (Chrono Boost)  
  30  4:00  Nexus  
  33  4:15  Probe  
  34  4:27  Probe (Chrono Boost)  
  34  4:28  Pylon  
  35  4:32  Twilight Council  
  35  4:35  Robotics Facility  
  35  4:37  Probe (Chrono Boost)  
  36  4:42  Probe (Chrono Boost)  
  37  4:53  Probe  
  38  5:05  Probe  
  39  5:08  Blink (Chrono Boost)  
  39  5:12  Stalker  
  39  5:13  Stalker  
  43  5:18  Shield Battery, Probe (Chrono Boost)  
  44  5:23  Probe (Chrono Boost)  
  44  5:26  Observer  
  47  5:30  Probe (Chrono Boost)  
  47  5:33  Probe (Chrono Boost)  
  47  5:35  Probe (Chrono Boost)  
  48  5:38  Probe (Chrono Boost)  
  50  5:44  Probe  
  50  5:49  Stalker x2, Probe  
  56  5:53  Forge  
  56  5:56  Probe  
  57  6:01  Probe  
  58  6:06  Gateway  
  58  6:08  Probe  
  59  6:11  Gateway  
  59  6:14  Pylon, Probe  
  59  6:15  Stalker  
  62  6:30  Nexus  
  62  6:34  Pylon, Probe x2  
  62  6:39  Stalker  
  66  6:42  Gateway  
  66  6:46  Probe  
  67  6:49  Photon Cannon  
  67  6:51  Photon Cannon  
  67  6:59  Probe  
  68  7:03  Immortal  
  72  7:09  Assimilator  
  72  7:12  Assimilator  
  72  7:14  Templar Archives  
  72  7:15  Probe x2  
  74  7:27  Charge, Probe x2  
  76  7:38  Pylon  
  76  7:39  Probe x2  
  76  7:41  Shield Battery  
  78  7:47  Probe  
  78  7:50  Immortal  
  83  7:51  Probe x2  
  83  7:57  Pylon  
  85  7:59  Probe  
  85  8:00  Stalker, Protoss Ground Weapons Level 1 (Chrono Boost)  
  85  8:01  Stalker x2  
  85  8:03  Probe  
  93  8:19  Probe x3  
  96  8:22  Photon Cannon  
  96  8:31  Assimilator, Probe  
  96  8:32  Probe x2  
  96  8:34  Stalker x2, Shield Battery  
  99  8:35  Assimilator  
  99  8:36  Stalker  
  105  8:43  High Templar x2  
  109  8:54  Archon  
  109  9:10  Pylon  
  109  9:12  Pylon  
  109  9:14  Pylon  
  109  9:27  Pylon  
  109  9:28  Probe x2  
  109  9:29  Zealot  
  109  9:30  Zealot x4  
  121  9:40  Pylon  
  121  9:42  Pylon, Photon Cannon x2  
  121  9:45  Pylon, Probe x2  
  123  9:49  Gateway  
  117  9:53  Zealot, Gateway  
  117  9:54  Zealot x4  
  117  9:57  Pylon  
  113  10:17  Zealot x2  
  113  10:18  Zealot x3  
  96  10:39  Zealot x4  
  96  10:40  Zealot  
  106  10:46  Zealot  
  106  10:48  Gateway  
  106  10:50  Gateway  
  102  10:58  Zealot  
  102  10:59  Zealot x2  
  102  11:00  Zealot x3  
  103  11:09  Stalker  
Show
View Real Time Build Order
Export as new Build Order

LxAnki Protoss 

Build Orders: Phoenix Opening 

Get SALT Encoding   

  12  0:00  Probe  
  13  0:12  Probe  
  14  0:17  Pylon  
  14  0:24  Probe (Chrono Boost)  
  16  0:36  Probe (Chrono Boost)  
  16  0:39  Gateway  
  16  0:43  Probe (Chrono Boost)  
  16  0:45  Assimilator  
  17  0:50  Probe  
  17  0:54  Assimilator  
  18  1:03  Probe  
  19  1:12  Gateway  
  19  1:15  Probe  
  20  1:27  Cybernetics Core, Probe (Chrono Boost)  
  21  1:37  Pylon  
  21  1:39  Probe (Chrono Boost)  
  22  1:48  Probe (Chrono Boost)  
  22  1:53  Probe  
  24  2:05  Probe  
  24  2:06  Stalker, Sentry  
  29  2:13  Pylon  
  29  2:18  Probe  
  29  2:20  Pylon  
  30  2:24  Warp Gate  
  30  2:33  Probe  
  30  2:35  Sentry  
  33  2:39  Phoenix  
  33  2:45  Nexus  
  33  2:51  Stalker  
  35  3:00  Probe  
  36  3:06  Stalker  
  36  3:12  Gateway  
  33  3:56  Shield Battery  
  33  3:59  Shield Battery  
  33  4:00  Probe x2  
  34  4:08  Shield Battery  
  30  4:17  Stalker  
  31  4:25  Probe x2  
  33  4:36  Stalker  
  35  4:39  Stalker  
  37  4:48  Probe x2 (Chrono Boost)  
  37  5:00  Probe (Chrono Boost)  
  37  5:01  Probe (Chrono Boost)  
  37  5:02  Stalker  
  39  5:07  Probe x2 (Chrono Boost)  
  41  5:15  Probe x2  
  41  5:18  Pylon  
  43  5:27  Probe x2 (Chrono Boost)  
  45  5:33  Robotics Facility  
  46  5:36  Probe (Chrono Boost)  
  46  5:38  Probe (Chrono Boost)  
  47  5:44  Probe  
  47  5:45  Probe  
  49  5:51  Pylon  
  49  6:00  Probe x2  
  51  6:09  Pylon  
  51  6:12  Sentry x2, Probe x2 (Chrono Boost)  
  57  6:23  Probe x2 (Chrono Boost)  
  59  6:26  Assimilator  
  59  6:28  Observer (Chrono Boost), Probe x2 (Chrono Boost)  
  59  6:29  Assimilator  
  62  6:36  Twilight Council  
  62  6:37  Forge  
  62  6:38  Probe x2  
  64  6:42  Gateway  
  64  6:43  Gateway  
  64  6:48  Gateway  
  64  6:58  Gateway  
  64  6:59  Gateway  
  64  7:03  Protoss Ground Weapons Level 1 (Chrono Boost)  
  64  7:05  Twilight Council  
  64  7:15  Sentry x2  
  68  7:18  Stalker  
  70  7:24  Immortal (Chrono Boost)  
  74  7:40  Photon Cannon  
  72  7:44  Pylon  
  72  7:45  Stalker x3  
  72  7:49  Blink (Chrono Boost)  
  78  8:00  Pylon  
  78  8:01  Pylon  
  78  8:02  Pylon  
  78  8:03  Stalker  
  78  8:05  Stalker  
  82  8:18  Photon Cannon  
  82  8:20  Stalker x2  
  82  8:24  Warp Prism (Chrono Boost)  
  88  8:34  Stalker  
  88  8:36  Stalker  
  92  8:42  Stalker  
  92  8:46  Templar Archives  
  94  8:51  Stalker  
  92  9:09  Stalker x5  
  102  9:19  Stalker x2  
  106  9:36  Stalker x2  
  108  10:03  Stalker  
  108  10:06  Pylon  
  110  10:07  Pylon  
  110  10:08  Pylon  
  110  10:09  Pylon  
  105  10:27  Stalker x6  
  105  10:28  Stalker x2  
  97  10:55  Stalker x5  
Tags
 
Add a new tag
Caveats
  • Supply blocks, unpowered buildings, or Contaminate may cause inaccurate times.
  • Supply counts are checked every 10 seconds.